 Dungeon Crawl Stone Soup version 0.31-a0-859-g9dce7d3444 (webtiles) character file.

Game seed: 2308334694669774685

24841 quinnr the Zephyrmancer (level 13, -4/82 HPs)
             Began as a Tengu Venom Mage on Oct 9, 2023.
             Was a Priest of Vehumet.
             Killed from afar by a catoblepas (10 damage)
             ... with a blast of calcifying dust
             ... on level 3 of the Lair of Beasts on Oct 10, 2023.
             The game lasted 00:42:43 (18517 turns).

quinnr the Zephyrmancer (Tengu Venom Mage)         Turns: 18517, Time: 00:42:43

Health: -4/82      AC:  4    Str: 14    XL:     13   Next: 15%
Magic:  2/24       EV: 39    Int: 23    God:    Vehumet [***...]
Gold:   856        SH:  0    Dex: 13    Spells: 10/26 levels left

rFire   + . .        g - +9 double sword of Hairy Valour {vamp, rF+ Int+3}
rCold   + + .        (no shield)
rNeg    + + .        O - +0 robe {rN+}
rPois   .            (helmet restricted)
rElec   .            r - +1 cloak {rCorr}
rCorr   +            h - -1 pair of gloves of the Volcano {Fly rC+ rN+ Dex-2}
SInv    .            (boots unavailable)
Will    .....        s - amulet "Erikegh" {Regen+ Str+5}
Stlth   +++          c - ring of protection from cold
HPRegen 1.13/turn    E - +5 ring of evasion
MPRegen 0.19/turn

%: acrobat
@: acrobatic, flying
A: beak, talons 3, evasive flight, acrobatic
a: Renounce Religion


You were on level 3 of the Lair of Beasts.
You worshipped Vehumet.
Vehumet was most pleased with you.
You visited 3 branches of the dungeon, and saw 14 of its levels.
You also visited: Ossuary, Bailey and Ice Cave.

You collected 1228 gold pieces.
You spent 372 gold pieces at shops.


Innate Abilities, Weirdness & Mutations

You have a beak for a mouth.
You have claws for feet.
Your magical flight helps you evade attacks. (EV +4)
You can magically evade attacks while moving or waiting.


   Skills:
 - Level 10.0 Fighting
 + Level 7.8 Dodging
 - Level 6.0 Stealth
 - Level 7.0 Spellcasting
 - Level 5.0 Conjurations
 - Level 0.7 Transmutations
 - Level 14.0 Air Magic
 + Level 7.6 Poison Magic
 - Level 9.0 Evocations


You had 10 spell levels left.
You knew the following spells:

 Your Spells              Type           Power      Damage    Failure   Level
a - Airstrike             Air            32%        2d(5-21)  1%          4
m - Mephitic Cloud        Conj/Pois/Air  48%        N/A       1%          3
o - Olgreb's Toxic Radia  Pois           43%        N/A       1%          4
p - Poisonous Vapours     Pois/Air       100%       N/A       1%          2
t - Static Discharge      Conj/Air       100%       2-7/arc   1%          2
z - Sting                 Tmut/Pois      100%       1d8       1%          1

Your spell library contained the following spells:

 Spells                   Type           Power      Damage    Failure   Level
 Scorch                   Fire           16%        2d5       3%          2
 Foxfire                  Conj/Fire      76%        2x1d7     1%          1
 Freeze                   Ice            32%        1d5       2%          1
 Hailstorm                Conj/Ice       19%        3d6       2%          3
 Stone Arrow              Conj/Erth      38%        3d9       2%          3
 Freezing Cloud           Conj/Ice/Air   18%        6-21      4%          5
 Frozen Ramparts          Ice            16%        1d3       6%          3
 Iskenderun's Mystic Bla  Conj/Tloc      19%        2d6       7%          4
 Gell's Gravitas          Tloc           8%         N/A       22%         3
 Teleport Other           Tloc           8%         N/A       22%         3
 Anguish                  Hex/Necr       4%         N/A       58%         4
 Animate Armour           Summ/Erth      16%        N/A       58%         4
 Cause Fear               Hex            4%         N/A       58%         4
 Summon Ice Beast         Ice/Summ       8%         N/A       58%         4
 Orb of Destruction       Conj           15%        9d7       87%         7
 Dispersal                Tloc           4%         N/A       100%        6
 Simulacrum               Ice/Necr       4%         N/A       100%        6
 Enfeeble                 Hex            4%         N/A       100%        7
 Lehudib's Crystal Spear  Conj/Erth      9%         10d4      100%        8
 Chain Lightning          Conj/Air       25%        3d34      100%        9

Inventory:

Hand Weapons
 g - the +9 double sword of Hairy Valour (weapon) {vamp, rF+ Int+3}
   (You acquired it on level 4 of the Dungeon)

   Int+3:     It affects your intelligence (+3).
   rF+:       It protects you from fire.
 t - the +2 whip "Wuoggov" {freeze, rN+ Str+2}
   (You took it off a gnoll bouda on level 5 of the Dungeon)

   Str+2:     It affects your strength (+2).
   rN+:       It protects you from negative energy.
 u - a +0 dagger of holy wrath
 B - a +1 dagger of freezing
Missiles
 H - 4 atropa-tipped darts
 I - 6 curare-tipped darts {=f}
 J - 4 datura-tipped darts
Armour
 a - a +1 robe
 h - the -1 pair of gloves of the Volcano (worn) {Fly rC+ rN+ Dex-2}
   (You acquired it on level 4 of the Dungeon)

   Dex-2:     It affects your dexterity (-2).
   rC+:       It protects you from cold.
   rN+:       It protects you from negative energy.
   Fly:       It grants you flight.
 j - a +0 leather armour of resistance
 r - a +1 cloak of preservation (worn)
 K - the +1 ring mail "Urchoci" {rN++ Str-4 Int+4}
   (You found it in a bailey)

   Str-4:     It affects your strength (-4).
   Int+4:     It affects your intelligence (+4).
   rN++:      It greatly protects you from negative energy.
 O - a +0 robe of positive energy (worn)
 R - a scarf of resistance
Jewellery
 c - a ring of protection from cold (left hand)
 s - the amulet "Erikegh" (around neck) {Regen+ Str+5}
   (You found it on level 5 of the Dungeon)

   [amulet of regeneration]

   Str+5:     It affects your strength (+5).
   Regen+:    It increases your rate of health regeneration.
 C - a ring of ice
 E - a +5 ring of evasion (right hand)
 F - a ring of protection from fire
Wands
 m - a wand of mindburst (7)
 o - a wand of digging (5)
 x - a wand of iceblast (8)
 G - a wand of flame (1)
 W - a wand of charming (7)
Scrolls
 f - 8 scrolls of enchant armour
 i - 3 scrolls of teleportation {@r2}
 l - a scroll of poison
 n - a scroll of blinking
 p - 2 scrolls of enchant weapon {unknown}
 q - 5 scrolls of amnesia {unknown}
 v - 2 scrolls of vulnerability
 y - 2 scrolls of torment
 D - 3 scrolls of noise
 Q - 4 scrolls of identify {@r1}
 T - a scroll of revelation {unknown}
Potions
 b - 2 potions of magic
 d - 10 potions of attraction
 e - 4 potions of enlightenment
 k - 2 potions of might
 w - 3 potions of curing {@q1}
 z - 2 potions of haste {@q3}
 A - a potion of lignification
 L - a potion of invisibility
 M - 2 potions of mutation
 P - 3 potions of heal wounds {@q2}
 S - a potion of resistance {unknown}
 U - a potion of degeneration {unknown}
 V - 2 potions of berserk rage {unknown}
Miscellaneous
 N - a condenser vane (inert)

Dungeon Overview and Level Annotations

Branches:
Dungeon (10/15)            Temple (1/1) D:7            Lair (3/5) D:10
Ossuary (visited)          Bailey (visited)           IceCv (visited)
  Swamp: Lair:2-3    Shoals: Lair:2-3     Snake: Lair:2-3    Spider: Lair:2-3
    Orc: D:9-12

Altars:
Ashenzari
Cheibriados
Dithmenos
Elyvilon
Fedhas
Gozag
Hepliaklqana
Kikubaaqudgha
Makhleb
Nemelex Xobeh
Okawaru
Qazlal
Ru
Trog
Uskayaw
Vehumet
Wu Jian
Xom
Yredelemnul
The Shining One

Shops:
D:5 (   D:8 !

Annotations:
Lair:1 exclusion: oklob plant

#.................
#................#
#.#..............#
#..#.#...........#
#..##.............
#..###.........#.
###.P........#÷..#
#....§.§.§.........
##....§.§§@....÷...
##.....§§§§.......#### .#.
#......#§§§§..P....... ..##
#....##.§§§§.........# ....
##...##..§§...........#....
##.....#..§§......#.P..#.#+
#.....##...Y...#...###.....
##......................#
#....................†.#


There were no monsters in sight!


Message History

Poisonous vapours surround the catoblepas!
The catoblepas looks as sick as possible!
Casting: Poisonous Vapours (safe; 1% risk of failure)
Confirm with . or Enter, or press ? or * to list all spells.
Aiming: Poisonous Vapours (safe; 1% risk of failure)
Press: ? - help, Dir - move target, f/p - catoblepas
Aim: a catoblepas (heavily wounded, very poisoned) Poisonous vapours surround the catoblepas!
The catoblepas looks as sick as possible!
The catoblepas breathes a plume of calcifying dust at you.
The blast of calcifying dust hits you.
* * * LOW HITPOINT WARNING * * *
The catoblepas breathes a plume of calcifying dust at you.
The blast of calcifying dust hits you!
* * * LOW HITPOINT WARNING * * *
The catoblepas breathes a plume of calcifying dust at you.
The blast of calcifying dust hits you.
* * * LOW HITPOINT WARNING * * *
The catoblepas breathes a plume of calcifying dust at you.
The blast of calcifying dust hits you!
* * * LOW HITPOINT WARNING * * *
The catoblepas breathes a plume of calcifying dust at you.
The blast of calcifying dust hits you.
* * * LOW HITPOINT WARNING * * *
The catoblepas breathes a plume of calcifying dust at you.
The blast of calcifying dust hits you!
* * * LOW HITPOINT WARNING * * *
The catoblepas breathes a plume of calcifying dust at you.
The blast of calcifying dust hits you!
You die...

Skill      XL: |  1  2  3  4  5  6  7  8  9 10 11 12 13 |
---------------+----------------------------------------+-----
Poison Magic   | 4 7 |  7.6
Air Magic      | 1 3 4 5 7 9 10 14 | 14.0
Conjurations   | 1 3 4 5 |  5.0
Spellcasting   | 3 5 6 7 |  7.0
Fighting       | 4 6 9 10 | 10.0
Stealth        | 5 6 |  6.0
Evocations     | 4 5 9 |  9.0
Dodging        | 7 |  7.8
Transmutations | |  0.7

Action                     |  1- 3 |  4- 6 |  7- 9 | 10-12 | 13-15 || total
---------------------------+-------+-------+-------+-------+-------++-------
  Melee: Unarmed           |    22 |    26 |       |       |       ||    48
         Kick              |     7 |    19 |    11 |    22 |     3 ||    62
         Peck              |     3 |    12 |     8 |    13 |       ||    36
         Double sword      |       |    46 |    24 |    37 |     4 ||   111
         Whip              |       |       |    19 |    21 |       ||    40
   Cast: Sting             |    44 |    15 |     2 |     2 |       ||    63
         Poisonous Vapours |    12 |    52 |    65 |    45 |     3 ||   177
         Mephitic Cloud    |       |     2 |     9 |    15 |     1 ||    27
         Airstrike         |       |     9 |    66 |   199 |    25 ||   299
         Olgreb's Toxic Ra |       |       |       |    21 |     5 ||    26
         Static Discharge  |       |       |       |    14 |       ||    14
  Evoke: Wand              |       |       |       |     4 |       ||     4
         Condenser vane    |       |       |       |       |     1 ||     1
    Use: Scroll            |       |    11 |     4 |     5 |       ||    20
         Potion            |       |       |       |     1 |       ||     1
   Stab: Sleeping          |       |     1 |       |     1 |       ||     2
         Distracted        |       |     1 |       |       |       ||     1
 Armour: Robe              |    17 |    32 |    27 |    78 |    15 ||   169
  Dodge: Dodged            |    21 |    40 |    72 |   198 |     5 ||   336

Levels and vault maps discovered:
D:1:      noname_arrival_rooms_in_the_neighbourhood, layout_loops_cross,
          ebering_ecumenical_altar_hall, serial_glass, glass_columns_c,
          glass_columns_c
D:2:      minmay_razor_zed, layout_loops_ring, serial_shops, shop,
          nicolae_elevator_lobby_plus
D:3:      layout_basic, st_stairs_10, dreamdust_princess_bridge
D:4:      layout_basic, nicolae_ossuary_entry_plus,
          hangedman_abyss_or_decor_passed, uniq_crazy_yiuf_cottage
D:5:      layout_rooms, mainiacjoe_overflow_alcove_1, serial_shops,
          nicolae_shop_pleasant_corner_grove, dk_noncrumbling_2, uniq_menkaure
D:6:      layout_gridville, overflow_temple_1_default, uniq_eustachio
D:7:      layout_basic, minmay_temple_entry_mini_moons
D:8:      layout_cave_pools, serial_shops, nicolae_lakefront_shop,
          enter_bailey_2, minivault_21
D:9:      layout_long_grid, mainiacjoe_overflow_large_starburst,
          minmay_microvault
D:10:     layout_gridville, gammafunk_temple_overflow_pools, lair_entry_dummy,
          grunt_ministairs_10, chequers_serial_rivers_large_a, uniq_gastronok,
          uniq_erolcha
Temple:   lightli_temple_of_artemis
Lair:1:   layout_regular_city, portal_ice_cave_entry_pillars_1,
          grunt_megastairs_3, serial_bayou_shore_b, uniq_grum
Lair:2:   layout_regular_city
Lair:3:   layout_gridlike, swamp_mist, spider_nest_entry_web_field,
          grunt_megastairs_2, infiniplex_staircase_pool

Notes
Turn   | Place    | Note
-------+----------+-------------------------------------------
     0 | D:1      | quinnr the Tengu Venom Mage began the quest for the Orb.
     0 | D:1      | Reached XP level 1. HP: 10/10 MP: 4/4
   102 | D:1      | Reached XP level 2. HP: 8/15 MP: 3/6
   160 | D:1      | Found a faded altar of an unknown god.
   767 | D:1      | Reached skill level 4 in Poison Magic
   770 | D:1      | Learned a level 2 spell: Poisonous Vapours
   993 | D:2      | Reached XP level 3. HP: 19/19 MP: 4/7
   997 | D:2      | Learned a level 3 spell: Mephitic Cloud
  1173 | D:2      | Reached skill level 1 in Air Magic
  1217 | D:2      | Reached skill level 1 in Conjurations
  1245 | D:2      | Identified the +5 ring mail "Myercher" {Int+3 Dex+8}
  1500 | D:2      | Reached XP level 4. HP: 24/24 MP: 0/8
  1594 | D:2      | Reached skill level 2 in Conjurations
  1594 | D:2      | Reached skill level 2 in Air Magic
  2196 | D:3      | Reached skill level 3 in Conjurations
  2196 | D:3      | Reached skill level 3 in Air Magic
  2196 | D:3      | Reached XP level 5. HP: 28/28 MP: 0/9
  3222 | D:4      | Identified 3 scrolls of acquirement
  3222 | D:4      | Acquired the +9 double sword of Hairy Valour {vamp, rF+
                  | Int+3}
  3223 | D:4      | Acquired the Anthology of Torrid Vapour
  3224 | D:4      | Acquired the -1 pair of gloves of the Volcano {Fly rC+ rN+
                  | Dex-2}
  3248 | D:4      | Noticed a kobold brigand
  3262 | D:4      | Killed a kobold brigand
  3263 | D:4      | Reached skill level 4 in Conjurations
  3263 | D:4      | Reached skill level 4 in Air Magic
  3316 | D:4      | Reached XP level 6. HP: 32/32 MP: 1/10
  3380 | D:4      | Found a sand-covered staircase.
  3384 | Ossuary  | Entered an ossuary
  3449 | Ossuary  | Learned a level 4 spell: Airstrike
  3817 | Ossuary  | Reached skill level 3 in Spellcasting
  4039 | Ossuary  | Reached skill level 5 in Air Magic
  4113 | Ossuary  | Gained mutation: Your magical flight helps you evade
                  | attacks. (EV +4) [Tengu growth]
  4113 | Ossuary  | Reached XP level 7. HP: 23/36 MP: 0/13
  4340 | Ossuary  | Reached skill level 4 in Spellcasting
  4725 | D:4      | Found a runed translucent door.
  4726 | D:4      | Noticed Crazy Yiuf
  4805 | D:4      | Killed Crazy Yiuf
  4806 | D:4      | Reached skill level 6 in Air Magic
  4915 | D:5      | Entered Level 5 of the Dungeon
  4922 | D:5      | Noticed Menkaure
  4923 | D:5      | Killed Menkaure
  5096 | D:5      | Identified the amulet "Erikegh" {Regen+ Str+5}
  5138 | D:5      | Reached skill level 7 in Air Magic
  5279 | D:5      | Reached skill level 5 in Spellcasting
  5279 | D:5      | Reached XP level 8. HP: 41/41 MP: 11/16
  5314 | D:5      | Identified the +2 whip "Wuoggov" {freeze, rN+ Str+2}
  5541 | D:5      | Found Sueg's Weapon Shoppe.
  5571 | D:5      | Found an ancient bone altar of Kikubaaqudgha.
  5641 | D:5      | Reached skill level 8 in Air Magic
  6416 | D:6      | Reached skill level 6 in Spellcasting
  6416 | D:6      | Reached skill level 9 in Air Magic
  6500 | D:6      | Reached skill level 1 in Fighting
  6554 | D:6      | Reached skill level 2 in Fighting
  6801 | D:6      | Reached skill level 3 in Fighting
  6887 | D:6      | Found a basalt altar of Yredelemnul.
  6978 | D:6      | Noticed Eustachio
  6983 | D:6      | Killed Eustachio
  6984 | D:6      | Reached skill level 4 in Fighting
  6984 | D:6      | Reached XP level 9. HP: 52/52 MP: 6/19
  7113 | D:6      | Reached skill level 5 in Fighting
  7794 | D:7      | Reached skill level 6 in Fighting
  8083 | D:7      | Reached skill level 5 in Poison Magic
  8390 | D:7      | Found a staircase to the Ecumenical Temple.
  8393 | D:7      | Reached skill level 6 in Poison Magic
  8493 | Temple   | Entered the Ecumenical Temple
  9122 | D:7      | You are sucked into a shaft and drop 2 floors!
  9128 | D:9      | Found an iron altar of Okawaru.
  9128 | D:9      | Noticed a two-headed ogre
  9166 | D:9      | Reached skill level 7 in Poison Magic
  9171 | D:9      | Learned a level 4 spell: Olgreb's Toxic Radiance
  9182 | D:9      | Killed a two-headed ogre
  9183 | D:9      | Reached skill level 5 in Stealth
  9183 | D:9      | Reached XP level 10. HP: 55/60 MP: 1/20
  9361 | D:9      | Reached skill level 6 in Stealth
  9447 | D:9      | Noticed a two-headed ogre
  9451 | D:9      | Killed a two-headed ogre
  9452 | D:9      | Reached skill level 1 in Evocations
  9655 | D:9      | Found a radiant altar of Vehumet.
  9669 | D:9      | Reached skill level 5 in Conjurations
  9672 | D:9      | Reached skill level 2 in Evocations
  9680 | D:9      | Became a worshipper of Vehumet
  9928 | D:8      | Found a flagged portal.
  9936 | Bailey   | Entered a bailey
 10060 | Bailey   | Reached skill level 3 in Evocations
 10217 | Bailey   | Reached skill level 10 in Air Magic
 10345 | Bailey   | Reached skill level 7 in Spellcasting
 10541 | Bailey   | Found a bloodstained altar of Trog.
 10549 | Bailey   | Identified the +1 ring mail "Urchoci" {rN++ Str-4 Int+4}
 10826 | D:8      | Found Teawkid's Distillery.
 10834 | D:8      | Bought a potion of haste for 120 gold pieces
 10834 | D:8      | Bought a potion of heal wounds for 60 gold pieces
 10834 | D:8      | Bought a potion of invisibility for 96 gold pieces
 10834 | D:8      | Bought a potion of mutation for 96 gold pieces
 11013 | D:8      | Reached skill level 4 in Evocations
 11807 | D:9      | Reached XP level 11. HP: 64/64 MP: 9/22
 11808 | D:9      | Reached skill level 11 in Air Magic
 12306 | D:10     | Entered Level 10 of the Dungeon
 12306 | D:10     | Noticed a two-headed ogre
 12308 | D:10     | Reached * piety under Vehumet
 12308 | D:10     | Offered knowledge of Magic Dart by Vehumet.
 12435 | D:10     | Killed a two-headed ogre
 12436 | D:10     | Reached skill level 4 in Dodging
 12436 | D:10     | Reached skill level 5 in Evocations
 12560 | D:10     | Found a staircase to the Lair.
 12586 | Lair:1   | Entered Level 1 of the Lair of Beasts
 12597 | Lair:1   | Reached skill level 5 in Dodging
 12602 | Lair:1   | Found a frozen archway.
 12617 | IceCv    | Entered an ice cave
 13280 | IceCv    | Reached skill level 6 in Dodging
 13523 | IceCv    | Reached skill level 7 in Dodging
 13853 | IceCv    | Learned a level 2 spell: Static Discharge
 14037 | IceCv    | Reached skill level 12 in Air Magic
 14337 | IceCv    | Noticed a necromancer
 14337 | IceCv    | Noticed a bog body
 14343 | IceCv    | Killed a bog body
 14349 | IceCv    | Killed a necromancer
 14350 | IceCv    | Reached skill level 13 in Air Magic
 14392 | IceCv    | Identified a +0 leather armour of resistance
 14399 | IceCv    | Identified a scarf of resistance
 14588 | Lair:1   | Offered knowledge of Shock by Vehumet.
 14588 | Lair:1   | Reached ** piety under Vehumet
 14661 | Lair:1   | Reached skill level 14 in Air Magic
 14729 | Lair:1   | Reached XP level 12. HP: 51/70 MP: 7/23
 14753 | Lair:1   | Reached skill level 6 in Evocations
 15178 | Lair:1   | Reached skill level 7 in Evocations
 15290 | Lair:1   | Got a rare book
 15560 | Lair:1   | Reached skill level 8 in Evocations
 16278 | Lair:2   | Reached skill level 9 in Evocations
 16617 | Lair:2   | Noticed a four-headed hydra
 16633 | Lair:2   | Reached skill level 7 in Fighting
 16691 | Lair:2   | Killed a four-headed hydra
 16773 | Lair:2   | Noticed a six-headed hydra
 16782 | Lair:2   | Killed a six-headed hydra
 16783 | Lair:2   | Reached skill level 8 in Fighting
 16979 | Lair:2   | Offered knowledge of Scorch by Vehumet.
 17480 | Lair:2   | Reached skill level 9 in Fighting
 17680 | Lair:3   | Reached *** piety under Vehumet
 17799 | Lair:3   | Reached XP level 13. HP: 78/82 MP: 2/24
 17959 | Lair:2   | Reached skill level 10 in Fighting
 18516 | Lair:3   | HP: 5/82 [something/blast of calcifying dust (10)]
 18517 | Lair:3   | Killed from afar by a catoblepas

Vanquished Creatures
  2 hydras (Lair:2)
  3 two-headed ogres
  A bog body (IceCv)
  A necromancer (IceCv)
  A black mamba (Lair:2)
  9 komodo dragons
  6 cane toads
  A rime drake (Lair:2)
  A freezing wraith (IceCv)
  4 anaconda simulacra (IceCv)
  4 ice devils (IceCv)
  3 blink frogs (Lair:2)
  4 dream sheep (Lair:3)
  A polar bear (Lair:3)
  2 dire elephant simulacra (IceCv)
  Eustachio (D:6)
  5 basilisks
  3 wyverns
  28 yaks
  A wraith (D:10)
  Menkaure (D:5)
  4 hydra simulacra (IceCv)
  An acid dragon (D:9)
  7 water moccasins
  7 orc warriors
  A sky beast (D:7)
  4 black bears
  An ogre (D:6)
  An ice beast (D:6)
  8 wolves
  3 centaurs
  3 phantoms
  11 kobold brigands
  3 elf zombies (Ossuary)
  10 bullfrogs
  A scorpion (D:5)
  2 cane toad simulacra (IceCv)
  6 wights
  An elephant simulacrum (IceCv)
  An electric eel (Lair:3)
  6 howler monkeys (D:9)
  4 hounds
  A human zombie (Ossuary)
  Crazy Yiuf (D:4)
  A jelly (D:5)
  An orc priest (D:8)
  2 gnoll boudas
  2 iguanas
  7 orc wizards
  A polar bear simulacrum (IceCv)
  A troll simulacrum (IceCv)
  3 hell rats
  A hound zombie (Ossuary)
  3 mummies (Ossuary)
  9 gnolls
  A naga simulacrum (IceCv)
  11 adders
  2 white imps
  An ufetubus (IceCv)
  2 adder zombies (Ossuary)
  A worm (D:2)
  4 dart slugs
  14 orcs
  9 ball pythons
  8 endoplasms
  5 giant cockroaches
  6 goblins
  4 hobgoblins
  2 jackals (D:4)
  30 kobolds
  A quokka (D:1)
  3 bats
  3 frilled lizards
  2 gnoll zombies (Ossuary)
  6 goblin zombies (Ossuary)
  3 hobgoblin zombies (Ossuary)
  3 jackal zombies (Ossuary)
  2 kobold zombies (Ossuary)
  3 orc zombies (Ossuary)
  3 quokka zombies (Ossuary)
  5 rats
  2 rat zombies (Ossuary)
336 creatures vanquished.

Table legend: (Time is in decaauts)
 A = Elapsed time spent in this place.
 B = Non-inter-level travel time spent in this place.
 C = Inter-level travel time spent in this place.
 D = Time resting spent in this place.
 E = Time spent auto-exploring this place.
 F = Levels seen in this place.
 G = Mean time per level.
                   A        B        C        D        E       F      G
               +--------+--------+--------+--------+--------+-----+--------+
         Total |  18580 |  18202 |    378 |   2466 |  12603 |  17 | 1092.9 |
       Dungeon |  10886 |  10575 |    311 |    746 |   8154 |  10 | 1088.6 |
        Temple |     15 |     15 |      0 |      0 |      0 |   1 |   15.0 |
          Lair |   3984 |   3918 |     66 |    335 |   3024 |   3 | 1328.0 |
       Ossuary |   1037 |   1037 |      0 |    230 |    546 |   1 | 1037.0 |
        Bailey |    690 |    690 |      0 |    175 |    323 |   1 |  690.0 |
      Ice Cave |   1966 |   1966 |      0 |    980 |    556 |   1 | 1966.0 |
               +--------+--------+--------+--------+--------+-----+--------+

Top non-repeatable levels by time:
  Lair:2: 2067 daAuts
   IceCv: 1966 daAuts
     D:6: 1712 daAuts
     D:9: 1605 daAuts
     D:7: 1486 daAuts
     D:3: 1414 daAuts
  Lair:1: 1306 daAuts
     D:5: 1150 daAuts
 Ossuary: 1037 daAuts
     D:1: 947 daAuts
     D:8: 943 daAuts
     D:2: 826 daAuts
     D:4: 718 daAuts
  Bailey: 690 daAuts
  Lair:3: 610 daAuts

Table legend:
 A = Non-vault XP
 B = Vault XP
 C = Vault XP percentage of total XP
 D = Non-vault monster count
 E = Vault monster count
 F = Vault count percentage of total count
                 A         B        C        D         E       F
            +---------+---------+-------+---------+---------+-------
      Total |   25178 |   10310 |  29.1 |     239 |      97 |  28.9
            +---------+---------+-------+---------+---------+-------
        D:1 |      32 |       0 |   0.0 |      15 |       0 |   0.0
        D:2 |      55 |      14 |  20.3 |      15 |       2 |  11.8
        D:3 |      98 |      16 |  14.0 |      22 |       3 |  12.0
        D:4 |     111 |      40 |  26.5 |      10 |       1 |   9.1
        D:5 |     729 |     172 |  19.1 |      16 |       1 |   5.9
        D:6 |    1027 |     197 |  16.1 |      25 |       1 |   3.8
        D:7 |    1056 |       0 |   0.0 |      21 |       0 |   0.0
        D:8 |     646 |       0 |   0.0 |      14 |       0 |   0.0
        D:9 |    2685 |     827 |  23.5 |      21 |       1 |   4.5
       D:10 |    1240 |       0 |   0.0 |       5 |       0 |   0.0
     Lair:1 |    4811 |    1375 |  22.2 |      21 |       8 |  27.6
     Lair:2 |    8228 |       0 |   0.0 |      31 |       0 |   0.0
     Lair:3 |    4460 |     163 |   3.5 |      23 |       1 |   4.2
    Ossuary |       0 |     442 | 100.0 |       0 |      34 | 100.0
     Bailey |       0 |    1280 | 100.0 |       0 |      21 | 100.0
      IceCv |       0 |    5784 | 100.0 |       0 |      24 | 100.0
            +---------+---------+-------+---------+---------+-------

Levels and vault maps discovered:
D:1:      noname_arrival_rooms_in_the_neighbourhood, layout_loops_cross,
          ebering_ecumenical_altar_hall, serial_glass, glass_columns_c,
          glass_columns_c
D:2:      minmay_razor_zed, layout_loops_ring, serial_shops, shop,
          nicolae_elevator_lobby_plus
D:3:      layout_basic, st_stairs_10, dreamdust_princess_bridge
D:4:      layout_basic, nicolae_ossuary_entry_plus,
          hangedman_abyss_or_decor_passed, uniq_crazy_yiuf_cottage
D:5:      layout_rooms, mainiacjoe_overflow_alcove_1, serial_shops,
          nicolae_shop_pleasant_corner_grove, dk_noncrumbling_2, uniq_menkaure
D:6:      layout_gridville, overflow_temple_1_default, uniq_eustachio
D:7:      layout_basic, minmay_temple_entry_mini_moons
D:8:      layout_cave_pools, serial_shops, nicolae_lakefront_shop,
          enter_bailey_2, minivault_21
D:9:      layout_long_grid, mainiacjoe_overflow_large_starburst,
          minmay_microvault
D:10:     layout_gridville, gammafunk_temple_overflow_pools, lair_entry_dummy,
          grunt_ministairs_10, chequers_serial_rivers_large_a, uniq_gastronok,
          uniq_erolcha
Temple:   lightli_temple_of_artemis
Lair:1:   layout_regular_city, portal_ice_cave_entry_pillars_1,
          grunt_megastairs_3, serial_bayou_shore_b, uniq_grum
Lair:2:   layout_regular_city
Lair:3:   layout_gridlike, swamp_mist, spider_nest_entry_web_field,
          grunt_megastairs_2, infiniplex_staircase_pool
